 Dungeon Crawl Stone Soup version 0.29-a0-284-gf9362112df (webtiles) character file.

Game seed: 2678422191729232592

80180 siradein the Jinx (level 15, -5/101 HPs)
             Began as a Demonspawn Arcane Marksman on Apr 1, 2022.
             Was the Champion of Hepliaklqana.
             Killed by divine providence
             ... invoked by an orc priest
              (8 damage)
             ... on level 2 of the Orcish Mines.
             The game lasted 02:23:51 (27861 turns).

siradein the Jinx (Demonspawn Arcane Marksman)     Turns: 27861, Time: 02:23:51

Health: -5/101     AC: 25    Str: 10    XL:     15   Next: 23%
Magic:  13/36      EV: 17    Int: 19    God:    Hepliaklqana [******]
Gold:   512        SH:  0    Dex: 20    Spells: 5/30 levels left

rFire   . . .      SeeInvis +   c - +4 longbow (freeze)
rCold   + . .      Faith    .   (shield currently unavailable)
rNeg    . . .      Spirit   .   x - +0 leather armour of Meuneb {rElec rC+ Dex+3}
rPois   .          Reflect  .   C - +2 helmet {SInv}
rElec   +          Harm     .   H - +0 cloak
rCorr   .          Rampage  .   N - +0 pair of gloves
Will    ++...                   X - +2 pair of boots {Stlth+}
Stlth   ++........              L - amulet of magic regeneration
HPRegen 0.26/turn               G - ring of magical power
MPRegen 0.65/turn               (no ring)

@: sanguine armoured
A: reduced essence, demonic guardian 2, spiny 3, sanguine armour 3, demonic
willpower, weakness stinger 1
a: Renounce Religion, Recall Ancestor, Ancestor Identity, Transference, Idealise


You were on level 2 of the Orcish Mines.
You worshipped Hepliaklqana.
Hepliaklqana was exalted by your worship.
You visited 4 branches of the dungeon, and saw 22 of its levels.
You also visited: Sewer, Bailey and Volcano.

You collected 1486 gold pieces.
You spent 974 gold pieces at shops.

Inventory:

Hand Weapons
 a - a +0 shortbow of venom
 b - a +0 rapier of protection
 c - a +4 longbow of freezing (weapon)
Missiles
 w - 3 throwing nets
 S - a curare-tipped dart
Armour
 x - the +0 leather armour of Meuneb (worn) {rElec rC+ Dex+3}
   (You found it on level 6 of the Dungeon)

   Dex:       It affects your dexterity (+3).
   rC:        It protects you from cold.
   rElec:     It insulates you from electricity.
 C - a +2 helmet of see invisible (worn)
 H - a +0 cloak (worn)
 N - a +0 pair of gloves (worn)
 X - a +2 pair of boots of stealth (worn)
Jewellery
 e - a ring of wizardry
 u - an amulet of faith
 G - a ring of magical power (left hand)
 L - an amulet of magic regeneration (around neck)
Wands
 y - a wand of iceblast (8)
 D - a wand of flame (43)
 R - a wand of mindburst (13)
 V - a wand of digging (6)
Scrolls
 d - 4 scrolls of amnesia
 g - 2 scrolls of silence
 l - 2 scrolls of magic mapping
 m - a scroll of fog {unknown}
 n - a scroll of torment {unknown}
 o - 3 scrolls of brand weapon
 s - 3 scrolls of blinking
 v - 4 scrolls of teleportation
 E - 4 scrolls of holy word
 M - 3 scrolls of fear
 Q - a scroll of summoning {unknown}
 T - 3 scrolls of vulnerability
Potions
 f - 7 potions of haste
 h - 11 potions of curing
 i - a potion of heal wounds
 j - 6 potions of flight {unknown}
 p - 2 potions of mutation {unknown}
 q - 7 potions of might
 r - 5 potions of lignification {unknown}
 t - a potion of berserk rage {unknown}
 z - a potion of experience {unknown}
 A - 4 potions of invisibility {unknown}
 B - 5 potions of magic
 F - 2 potions of brilliance {unknown}
 I - 4 potions of resistance {unknown}
 J - 5 potions of cancellation
 O - a potion of degeneration {unknown}
 P - 2 potions of attraction {unknown}
Miscellaneous
 U - a phantom mirror


   Skills:
 + Level 9.1 Fighting
 * Level 12.0 Bows
 + Level 7.5 Armour
 + Level 8.5 Dodging
 + Level 8.1 Spellcasting
 * Level 13.1 Hexes
 + Level 4.8 Summonings
 + Level 4.4 Translocations
 + Level 4.2 Transmutations
 + Level 4.2 Fire Magic
 + Level 9.6 Invocations


You had 5 spell levels left.
You knew the following spells:

 Your Spells              Type           Power      Damage    Failure   Level
a - Portal Projectile     Hex/Tloc       82%        N/A       1%          3
b - Anguish               Hex/Necr       16%        N/A       8%          4
c - Slow                  Hex            100%       N/A       1%          1
d - Cause Fear            Hex            27%        N/A       1%          4
e - Summon Mana Viper     Hex/Summ       41%        N/A       8%          5
f - Yara's Violent Unrav  Hex/Tmut       20%        3d9       9%          5
g - Inner Flame           Hex/Fire       40%        N/A       1%          3

Your spell library contained the following spells:

 Spells                   Type           Power      Damage    Failure   Level
 Summon Guardian Golem    Hex/Summ       41%        N/A       1%          3
 Blink                    Tloc           48%        N/A       2%          2
 Sting                    Tmut/Pois      60%        1d6       4%          1
 Gell's Gravitas          Tloc           24%        N/A       5%          3
 Lesser Beckoning         Tloc           24%        N/A       5%          3
 Teleport Other           Tloc           24%        N/A       5%          3
 Passwall                 Tmut/Erth      12%        N/A       8%          2
 Fulminant Prism          Conj/Hex       16%        3d11      8%          4
 Ignite Poison            Fire/Tmut/Pois 18%        N/A       11%         3
 Sandblast                Erth           14%        2d6       12%         1
 Poisonous Vapours        Pois/Air       14%        N/A       17%         2
 Static Discharge         Conj/Air       7%         N/A       17%         2
 Silence                  Hex/Air        16%        N/A       22%         5
 Mephitic Cloud           Conj/Pois/Air  7%         N/A       34%         3
 Iskenderun's Mystic Bla  Conj/Tloc      16%        2d5       43%         4
 Sticky Flame             Conj/Fire      15%        2d4       43%         4
 Summon Forest            Summ/Tloc      12%        N/A       43%         5
 Manifold Assault         Tloc           24%        N/A       45%         5
 Animate Dead             Necr           3%         N/A       75%         4
 Dispel Undead            Necr           7%         3d8       75%         4
 Olgreb's Toxic Radiance  Pois           7%         N/A       75%         4
 Borgnjor's Vile Clutch   Necr/Erth      3%         N/A       97%         5
 Freezing Cloud           Conj/Ice/Air   3%         6-21      97%         5
 Iskenderun's Battlesphe  Conj           7%         2d6       97%         5
 Lee's Rapid Deconstruct  Erth           3%         3d6*      97%         5
 Summon Cactus Giant      Summ           12%        N/A       94%         6
 Death Channel            Necr           3%         N/A       100%        6
 Iron Shot                Conj/Erth      3%         9d2       100%        6
 Statue Form              Tmut/Erth      10%        N/A       100%        6
 Orb of Destruction       Conj           3%         9d5       100%        7
 Spellforged Servitor     Conj/Summ      8%         N/A       100%        7
 Storm Form               Tmut/Air       7%         N/A       100%        7
 Summon Hydra             Summ           12%        N/A       100%        7
 Summon Horrible Things   Summ           12%        N/A       100%        8
 Shatter                  Erth           3%         3d7*      100%        9


Dungeon Overview and Level Annotations

Branches:
Dungeon (13/15)            Temple (1/1) D:5            Lair (6/6) D:10
  Swamp (0/4) Lair:2       Spider (0/4) Lair:4        Slime (0/5) Lair:6
    Orc (2/2) D:12            Elf (0/3) Orc:2         Sewer (visited)
 Bailey (visited)         Volcano (visited)
 Vaults: D:13-14

Altars:
Cheibriados
Dithmenos
Hepliaklqana
Makhleb
Trog
Uskayaw
Vehumet
Wu Jian
The Shining One
Beogh
Jiyva

Shops:
D:6 [   D:11 (   D:12 [

Annotations:
Lair:3 3 runed translucent doors, ders's ghost, journeyman DjCj


Innate Abilities, Weirdness & Mutations

Your life essence is reduced to manifest your ancestor. (-10% HP)
A demonic guardian rushes to your aid.
You are completely covered in sharp spines.
When seriously injured, your blood forms very thick armour. (AC +12)
You punish those that try to bend your will. (Will+)
You have a small tail.


Message History

Shoot: c) +4 longbow (freeze)
Press: ? - help, Q - select action, (/) - cycle Shift-Dir - straight line, f - orc priest
Aim: an orc priest, wielding a +0 short sword (strong, anguished, 73% to hit)
You shoot an arrow.
Your demonic guardian avoids your attack.
The arrow barely misses the orc priest.
The arrow hits the orc knight but does no damage.
Your sun demon hits the orc priest!
The orc priest dies!
The orc warrior hits you from afar with a +0 glaive.
* * * LOW HITPOINT WARNING * * *
The orc warrior is wracked by anguish.
Your sun demon hits the orc priest!!
The orc priest dies!
Shoot: c) +4 longbow (freeze)
Press: ? - help, Q - select action, (/) - cycle Shift-Dir - straight line, f - orc warrior
Aim: an orc warrior, wielding a +0 glaive and wearing a +0 chain mail (heavily wounded, strong, anguished, 70% to hit)
You shoot an arrow.
Your demonic guardian avoids your attack.
The arrow hits the orc warrior!!
The arrow freezes the orc warrior.
You kill the orc warrior!
The orc priest looks satisfied for a moment.
The orc sorcerer mumbles some strange words.
Your sun demon hits the orc knight!
The orc knight is engulfed in flames!
The orc knight hits your sun demon with a +0 war axe!!
Shoot: c) +4 longbow (freeze)
Press: ? - help, Q - select action, (/) - cycle Shift-Dir - straight line, f - orc priest
Aim: an orc priest, wielding a +0 flail and wearing a +0 leather armour (lightly wounded, strong, anguished, 73% to hit)
You shoot an arrow. The arrow hits the orc priest!
The arrow freezes the orc priest.
You kill the orc priest!
Your sun demon hits the orc knight.
The orc knight is engulfed in flames!
Your sun demon hits the orc knight but does no damage.
The orc priest invokes the aid of Beogh against you.
Beogh smites you!
* * * LOW HITPOINT WARNING * * *
A demonic guardian appears!
The orc sorcerer becomes larger for a moment.
The orc priest mumbles some strange prayers to Beogh against you.
Beogh smites you!
You die...

................
##......)....).#
#.....$.)o.o.)#
#......)|)o..#
#......o)..)##
##.°§§.o)..4.#
#.3§))o).....#
#..°3o.....##
###@###.#.## ###
#####


You could see an orc knight (ally target), an ice devil (summoned), an orc
sorcerer (strong), an orc warrior (strong), 4 orc priests, a friendly soul eater
(summoned) and a friendly sun demon (summoned).

Vanquished Creatures
  Jorgrun (Orc:2)
  An orc warlord (Orc:2)
  4 hydras
  3 catoblepae (Lair:6)
  6 death yaks
  3 orc high priests (Orc:2)
  A lindwurm (Lair:1)
  4 deep elf pyromancers
  4 orc sorcerers
  An orc knight (Bailey)
  A deep elf zephyrmancer (D:10)
  2 manticores (Lair:6)
  2 ugly things
  A cyclops (D:11)
  9 elephants
  2 black mambas
  A torpor snail (Lair:4)
  8 cane toads
  An unseen horror (D:11)
  A gargoyle (D:12)
  7 komodo dragons
  A molten gargoyle (Volcano)
  A freezing wraith (D:9)
  A kobold demonologist (D:11)
  A red devil (Volcano)
  3 trolls
  2 polar bears
  A slime creature (D:13)
  A blink frog (Lair:3)
  10 dream sheep
  A wraith (D:12)
  67 yaks
  2 basilisks
  4 wyverns
  6 fire bats (Volcano)
  3 steam dragons
  A redback (Lair:4)
  7 vampire mosquitoes
  3 acid dragons
  13 water moccasins
  11 orc warriors
  A sky beast (D:7)
  A hornet zombie (D:6)
  2 ogres
  3 wolves (Lair:3)
  3 centaurs
  2 kobold brigands (D:11)
  14 bullfrogs
  A wyvern zombie (D:6)
  A necrophage (D:7)
  5 gnoll sergeants
  A wight (D:9)
  4 killer bees (D:9)
  8 electric eels
  2 howler monkeys
  4 bullfrog zombies (D:6)
  7 lava snakes (Volcano)
  3 centaur zombies (D:6)
  3 hounds
  2 jellies
  A bullfrog skeleton (D:6)
  A gnoll shaman (D:10)
  15 orc priests
  4 iguanas
  Jessica (D:3)
  10 orc wizards
  A killer bee zombie (D:6)
  A howler monkey zombie (D:6)
  28 gnolls
  10 adders
  2 shadow imps
  2 white imps
  An ufetubus (D:5)
  A worm (D:2)
  5 dart slugs
  51 orcs
  11 ball pythons
  5 bats
  9 endoplasms
  7 giant cockroaches
  8 goblins
  11 hobgoblins
  3 jackals (D:2)
  14 kobolds
  3 quokkas
  3 frilled lizards
  12 rats
489 creatures vanquished.

Vanquished Creatures (collateral kills)
  A boulder beetle (D:12)
  A catoblepas (Lair:2)
  2 hydras
  A two-headed ogre (D:9)
  11 death yaks
  A lindwurm (Lair:1)
  2 orc knights (Orc:2)
  A deep elf zephyrmancer (D:10)
  An orc sorcerer (Orc:2)
  A will-o-the-wisp (Lair:2)
  An ugly thing (D:12)
  5 elephants
  3 black mambas
  A smoke demon (Volcano)
  A rime drake (Lair:5)
  4 cane toads
  2 kobold demonologists (D:11)
  4 komodo dragons
  A red devil (Volcano)
  4 trolls
  2 blink frogs (Lair:3)
  4 dream sheep
  A slime creature (D:12)
  A hornet (D:4)
  A fire bat (Volcano)
  2 basilisks
  A wyvern (Lair:4)
  35 yaks
  A steam dragon (D:7)
  A redback (Lair:4)
  An acid dragon (D:12)
  A hell hound (Volcano)
  4 water moccasins
  3 orc warriors (Orc:2)
  A sky beast (D:8)
  An ogre (Orc:2)
  3 centaurs
  A gnoll sergeant (D:5)
  6 bullfrogs
  6 wights
  A killer bee (D:9)
  A nameless horror (Lair:6)
  An electric eel (D:8)
  5 orc priests
  A hound (D:7)
  2 iguanas (D:5)
  13 gnolls
  14 orcs
  A giant cockroach (D:4)
163 creatures vanquished.

Vanquished Creatures (others)
  A hell hound (Volcano)
  3 orc warriors (Orc:2)
  18 knights
  3 bushes
  12 foxfires (Lair:2)
  44 fungi
  91 plants
  9 withered plants (D:6)
181 creatures vanquished.

Grand Total: 833 creatures vanquished

Notes
Turn   | Place    | Note
-------+----------+-------------------------------------------
     0 | D:1      | siradein the Demonspawn Arcane Marksman began the quest for
                  | the Orb.
     0 | D:1      | Reached XP level 1. HP: 15/15 MP: 2/2
   221 | D:1      | Gained mutation: When seriously injured, your blood forms
                  | armour. (AC +12) [demonic ancestry]
   221 | D:1      | Reached XP level 2. HP: 18/21 MP: 1/3
   979 | D:2      | Gained mutation: You are partially covered in sharp spines.
                  | [demonic ancestry]
   979 | D:2      | Reached XP level 3. HP: 16/26 MP: 4/4
  1188 | D:2      | Found a faded altar of an unknown god.
  1448 | D:2      | Reached XP level 4. HP: 5/32 MP: 3/6
  1450 | D:2      | HP: 1/32 [poisoned by an adder]
  1912 | D:2      | Found a shadowy altar of Dithmenos.
  2461 | D:3      | Learned a level 3 spell: Inner Flame
  2515 | D:3      | Noticed Jessica
  2681 | D:3      | Killed Jessica
  2859 | D:3      | Gained mutation: A weak demonic guardian rushes to your
                  | aid. [demonic ancestry]
  2859 | D:3      | Reached XP level 5. HP: 37/38 MP: 7/7
  3043 | D:4      | Reached skill level 4 in Hexes
  3480 | D:4      | Noticed a hornet
  3495 | D:5      | Entered Level 5 of the Dungeon
  3495 | D:5      | Noticed an ogre
  3508 | D:5      | Killed an ogre
  3509 | D:5      | Gained mutation: A demonic guardian rushes to your aid.
                  | [demonic ancestry]
  3509 | D:5      | Reached XP level 6. HP: 46/46 MP: 7/9
  3792 | D:5      | Found a staircase to the Ecumenical Temple.
  3835 | Temple   | Entered the Ecumenical Temple
  3868 | Temple   | Became a worshipper of Hepliaklqana the Forgotten
  4147 | D:5      | Reached skill level 5 in Hexes
  4162 | D:5      | Reached XP level 7. HP: 48/51 MP: 10/10
  5711 | D:6      | Identified the +0 leather armour of Meuneb {rElec rC+
                  | Dex+3}
  5802 | D:6      | Noticed a yak
  5803 | D:6      | Noticed a yak
  5804 | D:6      | Noticed a yak
  5804 | D:6      | Noticed a yak
  5830 | D:6      | Killed a yak
  5831 | D:6      | Gained mutation: You punish those that try to bend your
                  | will. (Will+) [demonic ancestry]
  5831 | D:6      | Reached XP level 8. HP: 51/58 MP: 12/12
  5841 | D:6      | Reached skill level 5 in Bows
  5841 | D:6      | Reached skill level 1 in Armour
  5841 | D:6      | Reached skill level 6 in Hexes
  5853 | D:6      | Found a glowing drain.
  6293 | Sewer    | Entered a sewer
  6866 | D:6      | Learned a level 3 spell: Portal Projectile
  6871 | D:6      | Learned a level 4 spell: Cause Fear
  7131 | D:6      | Found Logaib's Armour Boutique.
  7138 | D:6      | Bought a +2 helmet of see invisible for 258 gold pieces
  7187 | D:6      | Reached XP level 9. HP: 41/65 MP: 14/14
  7518 | D:6      | Reached skill level 7 in Hexes
  7589 | D:6      | Reached * piety under Hepliaklqana
  9224 | D:7      | Identified the +1 robe of Hopscotch {Dex+3}
  9423 | D:7      | Reached ** piety under Hepliaklqana
  9424 | D:7      | Remembered your ancestor Master Baiter as a knight
  9594 | D:7      | Reached skill level 5 in Fighting
  9899 | D:8      | Reached skill level 8 in Hexes
  9959 | D:8      | Found a flagged portal.
  9975 | Bailey   | Entered a bailey
 10053 | Bailey   | Reached skill level 5 in Dodging
 10101 | Bailey   | Noticed an orc knight
 10118 | Bailey   | Killed an orc knight
 10119 | Bailey   | Reached skill level 1 in Invocations
 10119 | Bailey   | Gained mutation: You are mostly covered in sharp spines.
                  | [demonic ancestry]
 10119 | Bailey   | Reached XP level 10. HP: 64/66 MP: 11/17
 11755 | D:8      | Identified the +1 ring mail of Gravity {rCorr Str+3}
 12324 | D:9      | Reached skill level 5 in Spellcasting
 12380 | D:9      | Reached *** piety under Hepliaklqana
 12845 | D:9      | Noticed a two-headed ogre
 12848 | D:9      | Killed a two-headed ogre
 12849 | D:9      | Reached skill level 9 in Hexes
 13026 | D:9      | Gained mutation: When seriously injured, your blood forms
                  | thick armour. (AC +12) [demonic ancestry]
 13026 | D:9      | Reached XP level 11. HP: 72/72 MP: 19/19
 13365 | D:10     | Entered Level 10 of the Dungeon
 13586 | D:10     | Found a staircase to the Lair.
 13798 | D:10     | Reached **** piety under Hepliaklqana
 13972 | D:10     | Noticed a deep elf pyromancer
 13976 | D:10     | Killed a deep elf pyromancer
 14006 | D:10     | Noticed a deep elf pyromancer
 14011 | D:10     | Noticed a deep elf zephyrmancer
 14015 | D:10     | Killed a deep elf zephyrmancer
 14016 | D:10     | Reached skill level 5 in Armour
 14022 | D:10     | Killed a deep elf pyromancer
 14023 | D:10     | Reached skill level 5 in Invocations
 14060 | D:10     | Noticed a deep elf zephyrmancer
 14071 | D:10     | Killed a deep elf zephyrmancer
 14128 | D:10     | Got the Tome of Sand
 14142 | D:10     | Got Ts'ui Pên's Incunabulum of Forking Paths
 14149 | D:10     | Learned a level 5 spell: Summon Mana Viper
 14155 | D:10     | Learned a level 5 spell: Yara's Violent Unravelling
 14161 | D:10     | Got Lehudib's Papyrus of Plaster Cramp
 14329 | D:10     | Reached skill level 10 in Hexes
 14411 | D:11     | Noticed an eight-headed hydra
 14500 | D:11     | Killed an eight-headed hydra
 14865 | D:11     | Gained mutation: When seriously injured, your blood forms
                  | very thick armour. (AC +12) [demonic ancestry]
 14865 | D:11     | Reached XP level 12. HP: 76/80 MP: 21/21
 15295 | D:11     | Found Sos Rej's Hydra Hut.
 15296 | D:11     | Noticed a seven-headed hydra
 15301 | D:11     | Bought a +2 longbow of freezing for 281 gold pieces
 15426 | Lair:1   | Entered Level 1 of the Lair of Beasts
 15426 | Lair:1   | Noticed an eight-headed hydra
 15432 | D:10     | Killed an eight-headed hydra
 15856 | Lair:1   | Reached ***** piety under Hepliaklqana
 16200 | Lair:1   | Reached skill level 11 in Hexes
 16279 | Lair:1   | Reached skill level 10 in Bows
 16881 | Lair:2   | Noticed a catoblepas
 16930 | Lair:2   | Found a hazy altar of Hepliaklqana.
 17059 | Lair:2   | Found a staircase to the Swamp.
 17221 | Lair:2   | Reached skill level 1 in Translocations
 17494 | Lair:2   | Killed a catoblepas
 17495 | Lair:2   | Reached skill level 1 in Transmutations
 17495 | Lair:2   | Gained mutation: You are completely covered in sharp
                  | spines. [demonic ancestry]
 17495 | Lair:2   | Reached XP level 13. HP: 80/88 MP: 23/23
 17818 | Lair:3   | Reached skill level 1 in Summonings
 17818 | Lair:3   | Reached skill level 1 in Fire Magic
 17895 | Lair:3   | Found a runed translucent gate.
 17895 | Lair:3   | Found a runed translucent gate.
 17895 | Lair:3   | Found a runed translucent gate.
 18594 | Lair:3   | Noticed ders's ghost (journeyman DjCj)
 20053 | Lair:4   | Found a dark tunnel.
 20062 | Volcano  | Entered a volcano
 20437 | Volcano  | Found a bloodstained altar of Trog.
 20450 | Volcano  | Reached skill level 12 in Hexes
 20489 | Volcano  | HP: 1/88 [something/ball of steam (19)]
 21273 | Lair:4   | Found a hole to the Spider Nest.
 21723 | Lair:4   | Gained mutation: You have a small tail. [demonic ancestry]
 21723 | Lair:4   | Reached XP level 14. HP: 69/95 MP: 25/25
 23731 | Lair:6   | Entered Level 6 of the Lair of Beasts
 23758 | Lair:6   | Found a viscous altar of Jiyva.
 23758 | Lair:6   | Found a staircase to the Slime Pits.
 24045 | Lair:6   | Got Sif Muna's Reference Book on Creative Earth
 26072 | D:12     | Found Geschynie's Antique Armour Shoppe.
 26075 | D:12     | Bought a transparent leather armour for 210 gold pieces
 26075 | D:12     | Identified the +1 leather armour of the Realm of Zot {Int+4
                  | Dex+3 Slay-4} (You bought it in a shop on level 12 of the
                  | Dungeon)
 26075 | D:12     | Bought a pair of runed boots for 225 gold pieces
 26120 | D:12     | You fall into a shaft and drop 1 floor!
 26203 | D:12     | Found a staircase to the Orcish Mines.
 26227 | D:12     | Found an ornate altar of the Wu Jian Council.
 27165 | D:12     | Reached XP level 15. HP: 38/101 MP: 25/26
 27425 | D:12     | Got the Catalogue of Dusty Beguiling
 27431 | D:12     | Learned a level 4 spell: Anguish
 27568 | Orc:1    | Entered Level 1 of the Orcish Mines
 27683 | Orc:2    | Entered Level 2 of the Orcish Mines
 27683 | Orc:2    | Found a staircase to the Elven Halls.
 27688 | Orc:2    | Reached skill level 13 in Hexes
 27724 | Orc:2    | Reached ****** piety under Hepliaklqana
 27743 | Orc:2    | Noticed an orc warlord
 27762 | Orc:2    | Killed an orc warlord
 27771 | Orc:1    | You fall into a shaft and drop 1 floor!
 27771 | Orc:2    | Noticed Jorgrun
 27775 | Orc:2    | Found a radiant altar of Vehumet.
 27814 | Orc:2    | Killed Jorgrun
 27861 | Orc:2    | HP: 3/101 [orc priest/divine providence (16)]
 27861 | Orc:2    | Killed from afar by an orc priest

Illustrated notes

Levels and vault maps discovered:
D:1:      dpeg_arrival_water_temple_mockup, layout_loops_ring,
          minmay_misc_feat_pillars, chequers_serial_rivers_room_b
D:2:      layout_rooms, basic_altar, shapermc_ecumenical_altar_ellora
D:3:      layout_basic, serial_aquarium, aquarium_bridge_long_joined
          [aquarium_subvault_wall, aquarium_subvault_bridge,
          aquarium_subvault_wall, aquarium_subvault_balcony,
          aquarium_subvault_bridge, aquarium_subvault_bridge],
          aquarium_window_2, aquarium_window_corner, aquarium_view_2g,
          uniq_jessica
D:4:      layout_loops_ring, serial_bayou, serial_bayou_lake_a,
          serial_bayou_shore_a, serial_bayou_pond_b, serial_bayou_lagoon_b
D:5:      layout_loops_corners, minmay_temple_entry_statues_fountains
D:6:      layout_cave_pools, cheibrodos_sewer_entry_drain, serial_shops, shop,
          serial_undead, serial_undead_b, serial_undead_e, serial_undead_e,
          serial_undead_c, serial_undead_b, serial_undead_e
D:7:      layout_layer_cave, due_unseen_surprise
D:8:      layout_basic, enter_bailey_5
D:9:      layout_layer_cave
D:10:     layout_long_grid, mainiacjoe_overflow_catwalk,
          minmay_lair_entry_grove, bh_hangedman_babel_library
D:11:     layout_long_grid, doesnt_shop_hydraphobe
D:12:     minmay_octagon_keep, layout_basic, serial_shops,
          nicolae_stop_n_shop_1, nzn_wu_jian_council_hall
D:13:     layout_loops_ring, david_vaults_4, drop_trap
Temple:   mainiacjoe_temple_archimedes_tessellation
Lair:1:   layout_roguey, serial_forest, infiniplex_forest_end_2,
          infiniplex_forest_straight_2, infiniplex_forest_clump_small,
          infiniplex_forest_lined_2, nicolae_lair_lindhole
Lair:2:   layout_long_grid, minmay_swamp_entry_wisps, basic_altar,
          nicolae_quartered_pool_super, chequers_serial_rivers_large_a,
          chequers_serial_rivers_small_3, beast_lair_carwin_5
Lair:3:   layout_regular_city, gammafunk_ghost_icy
Lair:4:   statuecave_lemuel, layout_cave_pods, spider_nest_entry_webs,
          nicolae_volcano_entry_two_sided, grunt_megastairs_1
Lair:5:   layout_roguey, wad_woods_river_02, hangedman_lair_generics_rect
Lair:6:   evilmike_catoblepas_cave, layout_regular_city, slime_altar_1,
          st_stairs_4, chequers_serial_rivers_micro_d,
          dreamdust_mushroom_princess
Orc:1:    layout_caves, lemuel_statue_altar
Orc:2:    st_orc_congregation, layout_caves, serial_shops, nicolae_shop_trees,
          basic_altar, nicolae_orc_rockfall, nicolae_shop_overcharged_wands,
          uniq_snorg, uniq_jorgrun

Skill      XL: |  1  2  3  4  5  6  7  8  9 10 11 12 13 14 15 |
---------------+----------------------------------------------+-----
Bows           | 2 3 4 5 7 8 9 10 11 12 | 12.0
Dodging        | 2 3 4 5 6 7 8 |  8.5
Fighting       | 2 3 4 5 6 7 8 9 |  9.1
Hexes          | 4 5 6 8 9 10 11 12 13 | 13.1
Spellcasting   | 2 3 4 5 6 7 8 |  8.1
Armour         | 2 3 4 5 6 7 |  7.5
Invocations    | 1 3 5 7 8 9 |  9.6
Translocations | 1 3 4 |  4.4
Transmutations | 1 2 4 |  4.2
Summonings     | 3 4 |  4.8
Fire Magic     | 2 4 |  4.2

Action                   |  1- 3 |  4- 6 |  7- 9 | 10-12 | 13-15 || total
-------------------------+-------+-------+-------+-------+-------++-------
Melee: Rapier            |       |    19 |    54 |    11 |    17 ||   101
       Punch             |       |       |     1 |       |       ||     1
       Tailslap          |       |       |       |       |     2 ||     2
 Fire: Shortbow          |   117 |   113 |   298 |   281 |    35 ||   844
       Longbow           |       |       |       |   145 |   658 ||   803
 Cast: Slow              |    14 |    11 |     5 |     3 |     1 ||    34
       Portal Projectile |       |       |     2 |    33 |    21 ||    56
       Inner Flame       |       |       |    17 |    39 |    39 ||    95
       Cause Fear        |       |       |       |     4 |     7 ||    11
       Summon Mana Viper |       |       |       |       |    10 ||    10
       Anguish           |       |       |       |       |    19 ||    19
Invok: Ancestor Life: Kn |       |       |     1 |       |       ||     1
       Ancestor Identity |       |       |     1 |       |       ||     1
       Recall Ancestor   |       |       |       |     2 |    11 ||    13
       Transference      |       |       |       |       |     2 ||     2
  Use: Scroll            |       |     5 |     3 |     3 |    15 ||    26
       Potion            |       |       |       |       |     5 ||     5
 Stab: Distracted        |       |       |       |       |     1 ||     1
Armor: Robe              |    29 |     4 |       |       |       ||    33
       Leather armour    |       |     7 |    61 |    34 |   101 ||   203
Dodge: Dodged            |    49 |    19 |   113 |    99 |   189 ||   469

Table legend: (Time is in decaauts)
 A = Elapsed time spent in this place.
 B = Non-inter-level travel time spent in this place.
 C = Inter-level travel time spent in this place.
 D = Time resting spent in this place.
 E = Time spent auto-exploring this place.
 F = Levels seen in this place.
 G = Mean time per level.
                   A        B        C        D        E       F      G
               +--------+--------+--------+--------+--------+-----+--------+
         Total |  28440 |  27420 |   1020 |   2626 |  18283 |  25 | 1137.6 |
       Dungeon |  16341 |  15615 |    726 |   1088 |  11141 |  13 | 1257.0 |
        Temple |     69 |     69 |      0 |      0 |     27 |   1 |   69.0 |
          Lair |   9690 |   9408 |    282 |   1139 |   5876 |   6 | 1615.0 |
  Orcish Mines |    312 |    301 |     11 |     15 |    106 |   2 |  156.0 |
         Sewer |    447 |    447 |      0 |      0 |    356 |   1 |  447.0 |
        Bailey |    468 |    468 |      0 |      3 |    319 |   1 |  468.0 |
       Volcano |   1111 |   1111 |      0 |    381 |    458 |   1 | 1111.0 |
               +--------+--------+--------+--------+--------+-----+--------+

Top non-repeatable levels by time:
     D:5: 2546 daAuts
  Lair:6: 2130 daAuts
     D:7: 1901 daAuts
  Lair:3: 1817 daAuts
  Lair:2: 1627 daAuts
     D:6: 1579 daAuts
  Lair:4: 1469 daAuts
    D:12: 1442 daAuts
  Lair:1: 1371 daAuts
     D:2: 1347 daAuts
     D:8: 1309 daAuts
    D:10: 1288 daAuts
  Lair:5: 1274 daAuts
     D:9: 1224 daAuts
 Volcano: 1111 daAuts
